 Dungeon Crawl Stone Soup version 0.31-a0-426-g3a05650e59 (webtiles) character file.

Game seed: 7537051658321654520

21847 CraigForest the Basher (level 12, -7/115 HPs)
             Began as a Troll Fighter on July 31, 2023.
             Was an Elder of Wu Jian.
             Mangled by a small abomination (14 damage)
             ... on level 2 of the Abyss.
             The game lasted 00:55:35 (9368 turns).

CraigForest the Basher (Troll Fighter)              Turns: 9368, Time: 00:55:36

Health: -7/115     AC: 11    Str: 31    XL:     12   Next: 57%
Magic:  11/11      EV:  8    Int:  8    God:    Wu Jian [****..]
Gold:   486        SH: 19    Dex: 11    Spells: 11/11 levels left

rFire   + . .        e - +6 flail (heavy)
rCold   + . .        z - +4 tower shield "Hycawkak" {Int+4 Stlth+}
rNeg    + . .        h - +0 pearl dragon scales
rPois   .            (helmet restricted)
rElec   .            n - +0 cloak
rCorr   .            (gloves unavailable)
SInv    .            (boots unavailable)
Will    .....        J - amulet of the acrobat
Stlth   ++           L - ring of protection from cold
HPRegen 1.19/turn    u - ring of flight
MPRegen 0.12/turn

%: acrobat, clarity
@: mighty, flying
A: large, unfitting armour, claws 3, regeneration 1, shaggy fur 1, tough skin 1,
thin skeletal structure 1, clarity, fire resistance 1, [berserk 2], [deformed
body]
a: Renounce Religion, Wall Jump, Serpent's Lash


You were on level 2 of the Abyss.
You worshipped Wu Jian.
Wu Jian was greatly pleased with you.
You visited 2 branches of the dungeon, and saw 12 of its levels.
You visited the Abyss 1 time.
You also visited: Sewer, Ossuary and Bailey.

You collected 996 gold pieces.
You spent 510 gold pieces at shops.

Inventory:

Hand Weapons
 a - a +0 war axe
 e - a +6 heavy flail (weapon)
 E - a +3 scimitar of flaming
 F - a +0 triple crossbow
 G - a +0 giant spiked club
 H - a +2 war axe of electrocution
Missiles
 m - 7 javelins
 r - 17 poisoned darts
 x - 12 boomerangs
 A - 8 curare-tipped darts
Armour
 h - +0 pearl dragon scales (worn)
 n - a +0 cloak (worn)
 z - the +4 tower shield "Hycawkak" (worn) {Int+4 Stlth+}
   (You acquired it on level 8 of the Dungeon)

   Int:       It affects your intelligence (+4).
   Stlth:     It makes you more stealthy.
 N - a +2 troll leather armour
Jewellery
 f - a ring of fire
 u - a ring of flight (right claw)
 J - an amulet of the acrobat (around neck)
 L - a ring of protection from cold (left claw)
 O - a ring of magical power
Talismans
 p - a serpent talisman
 y - a beast talisman
Wands
 d - a wand of iceblast (15) (quivered)
 o - a wand of acid (7)
 v - a wand of digging (3)
 w - a wand of flame (12)
 B - a wand of paralysis (8)
Scrolls
 c - a scroll of noise {unknown}
 g - 2 scrolls of blinking
 l - 9 scrolls of teleportation
 C - a scroll of immolation
 D - a scroll of enchant weapon
 I - 4 scrolls of identify
 K - 2 scrolls of poison
 P - 2 scrolls of revelation
Potions
 b - 4 potions of curing
 i - a potion of haste
 j - a potion of cancellation
 k - a potion of brilliance
 q - a potion of might
 s - 3 potions of attraction
 t - 3 potions of enlightenment
 M - a potion of magic {unknown}


   Skills:
 + Level 6.5 Fighting
 + Level 2.7(7.0) Axes
 + Level 11.0(11.2) Maces & Flails
 + Level 1.2 Throwing
 + Level 7.4 Armour
 + Level 6.2 Dodging
 - Level 1.0 Stealth
 + Level 10.1 Shields
 + Level 2.0 Evocations


You had 11 spell levels left.
You didn't know any spells.
Your spell library contained the following spells:

 Spells                   Type           Power      Damage    Failure   Level
 Summon Small Mammal      Summ           0%         N/A       95%         1
 Poisonous Vapours        Pois/Air       0%         N/A       98%         2
 Sublimation of Blood     Necr           0%         N/A       98%         2
 Call Canine Familiar     Summ           0%         N/A       100%        3
 Mephitic Cloud           Conj/Pois/Air  0%         N/A       100%        3
 Summon Guardian Golem    Hex/Summ       0%         N/A       100%        3
 Manifold Assault         Tloc           0%         N/A       100%        4
 Petrify                  Tmut/Erth      0%         N/A       100%        4
 Freezing Cloud           Conj/Ice/Air   0%         6-21      100%        5
 Irradiate                Conj/Tmut      0%         3d11      100%        5
 Dispersal                Tloc           0%         N/A       100%        6
 Disjunction              Tloc           0%         N/A       100%        8
 Chain Lightning          Conj/Air       0%         N/A       100%        9
 Fire Storm               Conj/Fire      0%         5d1       100%        9
 Shatter                  Erth           0%         3d5*      100%        9


Dungeon Overview and Level Annotations

Branches:
Dungeon (11/15)            Temple (1/1) D:7            Lair (0/5) D:11
  Sewer (visited)         Ossuary (visited)          Bailey (visited)
    Orc: D:9-12

Altars:
Ashenzari
Cheibriados
Dithmenos
Elyvilon
Fedhas
Gozag
Hepliaklqana
Kikubaaqudgha
Makhleb
Nemelex Xobeh
Okawaru
Qazlal
Ru
Sif Muna
Trog
Uskayaw
Vehumet
Wu Jian
Xom
Yredelemnul
Zin
The Shining One

Shops:
D:9 *


Innate Abilities, Weirdness & Mutations

You are too large for most types of armour.
You have claws for hands.
Your natural rate of healing is unusually fast.
You are covered in fur. (AC +1)
You have tough skin. (AC +1)
You have a somewhat thin skeletal structure. (Dex +2, Stealth+)
You possess an exceptional clarity of mind.
Your flesh is heat resistant. (rF+)
[You have an uncontrollable temper.]
[Armour fits poorly on your strangely shaped body.]


Message History

You destroy the wretched star!
The Council accepts your kill.
Your Maces & Flails skill increases to level 11!
You feel very mighty all of a sudden.
You bludgeon the large abomination!!
The large abomination is heavily damaged.
You block the large abomination's attack.
The large abomination hits you!!
* * * LOW HITPOINT WARNING * * *
You bludgeon the large abomination!!
You destroy the large abomination!
The Council accepts your kill. The small abomination hits you!
* * * LOW HITPOINT WARNING * * *
You completely miss the small abomination.
You block the small abomination's attack.
The small abomination hits you but does no damage.
You sock the small abomination!
The small abomination is moderately damaged.
The small abomination hits you but does no damage.
The small abomination barely misses you.
You barely miss the small abomination.
The small abomination is moderately damaged.
The small abomination hits you.
* * * LOW HITPOINT WARNING * * *
The small abomination hits you but does no damage.
You barely miss the small abomination.
The small abomination is moderately damaged.
A fire bat comes into view.
You block the small abomination's attack.
The fire bat moves out of view.
You sock the small abomination!
The small abomination is severely damaged.
You block the small abomination's attack.
The small abomination hits you but does no damage.
You closely miss the small abomination.
The small abomination is severely damaged.
A fire bat comes into view.
The small abomination hits you!
You die...

. . .. #. ..# .
###..... #. . ..#
.####... #.
########.##...... #..
#......#.......b..
#.. # ... .#.........
.
#...#......#.x.......
. ## ..#.
#.#'#.@....... .....
............... ..
.............####.. #
..........#.###.# #
.. .........# #.# . .
............# #.# #.
#########'## #.. .
....X.....#.. . ... .
..#..#


You could see a small abomination and a fire bat (wandering).

Vanquished Creatures
  A tentacled starspawn (Abyss:2)
  A hydra (D:10)
  Erica (D:8)
  Harold (D:11)
  2 centaur warriors (D:10)
  2 two-headed ogres
  2 wretched stars (Abyss:2)
  A spatial maelstrom (Abyss:2)
  A wizard (D:10)
  3 deep elf pyromancers (D:10)
  A wolf spider (D:10)
  An orc knight (D:11)
  A manticore (D:10)
  A worldbinder (Abyss:2)
  A gargoyle (Bailey)
  An unseen horror (D:10)
  An ancient zyme (Abyss:2)
  A troll (D:9)
  A meliai (shapeshifter) (D:10)
  A large abomination (Abyss:2)
  2 hornets (D:9)
  Sigmund (D:6)
  2 basilisks
  A vampire (Bailey)
  6 wyverns
  2 wraiths
  20 yaks
  A vampire mosquito (D:10)
  A steam dragon (D:9)
  2 spatial vortices (Abyss:2)
  An acid dragon (D:11)
  4 water moccasins
  4 orc warriors
  3 black bears
  A sky beast (D:8)
  Pargi (Sewer)
  An ogre (D:5)
  4 centaurs
  The ghost of GamesABlazin the Changeling, an amateur MfSh (D:3)
  A phantom (D:5)
  4 kobold brigands
  2 elf zombies (Ossuary)
  8 bullfrogs
  4 scorpions
  A small abomination (Abyss:2)
  8 killer bees (D:9)
  7 vampire bats (Bailey)
  2 lava snakes (D:7)
  3 howler monkeys (D:7)
  9 wolf zombies (Bailey)
  2 human zombies (Ossuary)
  3 orc priests
  3 hounds
  A jelly (D:6)
  Ijyb (D:5)
  5 iguanas
  An iron imp (Abyss:2)
  A sleepcap (D:8)
  9 orc wizards
  2 hound zombies (Ossuary)
  2 scorpion simulacra (D:3)
  4 mummies (Ossuary)
  Robin (D:3)
  A river rat (D:4)
  7 adders
  A hound simulacrum (D:3)
  7 white imps
  A howler monkey simulacrum (D:3)
  2 ufetubi (D:5)
  An adder zombie (Ossuary)
  A dart slug (D:4)
  An adder simulacrum (D:3)
  34 orcs
  10 bats
  5 endoplasms
  3 giant cockroaches
  17 goblins
  13 hobgoblins
  2 quokkas
  7 ball pythons
  3 frilled lizards
  2 goblin zombies (Ossuary)
  28 kobolds
  20 orc zombies
  8 rats
  2 rat zombies (Ossuary)
343 creatures vanquished.

Vanquished Creatures (others)
  A hobgoblin (D:5)
  2 starspawn tentacles (Abyss:2)
3 creatures vanquished.

Grand Total: 346 creatures vanquished

Notes
Turn   | Place    | Note
-------+----------+-------------------------------------------
     0 | D:1      | CraigForest the Troll Fighter began the quest for the Orb.
     0 | D:1      | Reached XP level 1. HP: 22/22 MP: 0/0
   148 | D:1      | Reached XP level 2. HP: 29/29 MP: 1/1
   301 | D:1      | You fall into a shaft and drop 1 floor!
   817 | D:2      | Reached XP level 3. HP: 36/36 MP: 2/2
  1258 | D:3      | Reached XP level 4. HP: 33/44 MP: 3/3
  1291 | D:3      | Noticed Robin
  1302 | D:3      | Killed Robin
  1349 | D:3      | Noticed a scorpion
  1357 | D:3      | Killed a scorpion
  1358 | D:3      | Reached skill level 1 in Maces & Flails
  1358 | D:3      | Reached skill level 1 in Armour
  1358 | D:3      | Reached XP level 5. HP: 52/52 MP: 4/4
  1400 | D:3      | Found a runed translucent gate.
  1400 | D:3      | Found a runed translucent gate.
  1404 | D:3      | Found a runed translucent gate.
  1432 | D:3      | Noticed GamesABlazin's ghost (amateur MfSh)
  1537 | D:3      | Found a sparkling altar of Nemelex Xobeh.
  1927 | D:3      | Killed GamesABlazin's ghost
  1928 | D:3      | Reached skill level 2 in Maces & Flails
  1928 | D:3      | Reached XP level 6. HP: 61/61 MP: 5/5
  2102 | D:4      | Found a glowing drain.
  2130 | D:4      | Reached skill level 3 in Maces & Flails
  2148 | Sewer    | Entered a sewer
  2184 | Sewer    | Noticed Pargi
  2213 | Sewer    | Killed Pargi
  2429 | D:4      | Found a radiant altar of Vehumet.
  2469 | D:4      | Reached XP level 7. HP: 66/67 MP: 6/6
  2600 | D:5      | Entered Level 5 of the Dungeon
  2714 | D:5      | Found an ancient bone altar of Kikubaaqudgha.
  2715 | D:5      | Found a hide-covered altar of Uskayaw.
  2757 | D:5      | Noticed Ijyb
  2772 | D:5      | Reached skill level 4 in Maces & Flails
  2786 | D:5      | Killed Ijyb
  3105 | D:5      | Gained mutation: [You sometimes lose your temper in
                  | combat.] [potion of mutation]
  3105 | D:5      | Gained mutation: You are dopey. (Int -2) [potion of
                  | mutation]
  3105 | D:5      | Lost mutation: You are dopey. (Int -2) [potion of mutation]
  3105 | D:5      | Gained mutation: You expend magic power (3 MP) to
                  | strengthen your wands. [potion of mutation]
  3106 | D:5      | Lost mutation: [You sometimes lose your temper in combat.]
                  | [potion of mutation]
  3106 | D:5      | Lost mutation: You expend magic power (3 MP) to strengthen
                  | your wands. [potion of mutation]
  3106 | D:5      | Gained mutation: You are dopey. (Int -2) [potion of
                  | mutation]
  3106 | D:5      | Lost mutation: You are dopey. (Int -2) [potion of mutation]
  3366 | D:5      | Reached XP level 8. HP: 58/75 MP: 7/7
  3524 | D:6      | Noticed Sigmund
  3533 | D:6      | Killed Sigmund
  3534 | D:6      | Reached skill level 5 in Maces & Flails
  3534 | D:6      | Reached skill level 1 in Evocations
  3812 | D:6      | Reached skill level 6 in Maces & Flails
  4217 | D:7      | Found a shadowy altar of Dithmenos.
  4287 | D:7      | Found a staircase to the Ecumenical Temple.
  4297 | Temple   | Entered the Ecumenical Temple
  4472 | Temple   | Became a worshipper of the Wu Jian Council
  4691 | D:7      | Reached skill level 5 in Shields
  4691 | D:7      | Reached XP level 9. HP: 78/84 MP: 8/8
  5038 | D:7      | Reached skill level 7 in Maces & Flails
  5277 | D:8      | Reached skill level 1 in Stealth
  5287 | D:8      | Reached skill level 1 in Throwing
  5399 | D:8      | Identified the +0 barding "Gukoneig" {rElec rC++ rCorr
                  | Int-3}
  5521 | D:8      | Found a sand-covered staircase.
  5525 | Ossuary  | Entered an ossuary
  5542 | Ossuary  | Reached skill level 8 in Maces & Flails
  5581 | Ossuary  | Reached * piety under Wu Jian
  5762 | D:8      | Identified a scroll of acquirement
  5762 | D:8      | Acquired the +4 tower shield "Hycawkak" {Int+4 Stlth+}
  5885 | D:8      | Found a basalt altar of Yredelemnul.
  5893 | D:8      | Reached XP level 10. HP: 94/94 MP: 9/9
  6001 | D:8      | Noticed Erica
  6012 | D:8      | Killed Erica
  6188 | D:8      | Gained mutation: Your flesh is heat resistant. (rF+)
                  | [potion of mutation]
  6188 | D:8      | Gained mutation: You possess an exceptional clarity of
                  | mind. [potion of mutation]
  6188 | D:8      | Gained mutation: You have a somewhat thin skeletal
                  | structure. (Dex +2, Stealth+) [potion of mutation]
  6402 | D:8      | Noticed a two-headed ogre
  6410 | D:8      | Killed a two-headed ogre
  6411 | D:8      | Reached skill level 5 in Fighting
  6501 | D:9      | Reached skill level 5 in Armour
  6545 | D:9      | Reached ** piety under Wu Jian
  6645 | D:9      | Reached skill level 9 in Maces & Flails
  6702 | D:9      | Found Jiav's Neck Hole.
  6711 | D:9      | Reached skill level 5 in Dodging
  6742 | D:9      | Bought an amulet of the acrobat for 510 gold pieces
  6882 | D:9      | Reached XP level 11. HP: 104/104 MP: 10/10
  6894 | D:9      | Found a flagged portal.
  6904 | Bailey   | Entered a bailey
  7017 | Bailey   | Reached *** piety under Wu Jian
  7513 | D:10     | Entered Level 10 of the Dungeon
  7707 | D:10     | Noticed a two-headed ogre
  7716 | D:10     | Killed a two-headed ogre
  7805 | D:10     | Noticed a centaur warrior
  7805 | D:10     | Noticed a deep elf pyromancer
  7805 | D:10     | Noticed a deep elf pyromancer
  7805 | D:10     | Noticed a wolf spider
  7805 | D:10     | Noticed a centaur warrior
  7806 | D:10     | Noticed a four-headed hydra
  7806 | D:10     | Noticed a deep elf pyromancer
  7808 | D:10     | Killed a deep elf pyromancer
  7808 | D:10     | Noticed a wizard
  7814 | D:10     | Killed a wolf spider
  7820 | D:10     | Killed a four-headed hydra
  7826 | D:10     | Killed a centaur warrior
  7829 | D:10     | Killed a centaur warrior
  7836 | D:10     | Reached skill level 10 in Maces & Flails
  7838 | D:10     | Killed a deep elf pyromancer
  7859 | D:10     | Killed a deep elf pyromancer
  7871 | D:10     | Reached **** piety under Wu Jian
  7871 | D:10     | Killed a wizard
  8030 | D:10     | Found a blossoming altar of Fedhas.
  8381 | D:11     | Found a staircase to the Lair.
  8485 | D:11     | Reached XP level 12. HP: 113/113 MP: 11/11
  9087 | D:11     | Noticed Harold
  9098 | D:11     | Killed Harold
  9135 | Abyss:2  | Cast into level 2 of the Abyss (a wizard)
  9256 | Abyss:2  | Noticed a tentacled starspawn
  9266 | Abyss:2  | Killed a tentacled starspawn
  9267 | Abyss:2  | Reached skill level 10 in Shields
  9354 | Abyss:2  | Reached skill level 11 in Maces & Flails
  9362 | Abyss:2  | HP: 2/115 [small abomination (16)]
  9368 | Abyss:2  | Mangled by a small abomination

Illustrated notes

Levels and vault maps discovered:
D:1:      lightli_arrival_statuegarden, layout_rooms, minmay_pentomino_o4
D:2:      layout_loops_cross
D:3:      layout_basic, nemelex_spade_bored_becter, gammafunk_ghost_icy,
          uniq_robin
D:4:      layout_rooms, vehumet_altar_wand_db, portal_sewer_entry_e,
          chequers_serial_rivers_room_a
D:5:      layout_rooms, mainiacjoe_overflow_divided_tiny,
          serial_co_window_serial, co_window_corner_a, co_window_paths_b,
          co_window_cross_1, co_window_paths_a, co_window_corner_a,
          co_window_paths_a, co_window_paths_a, co_window_corner_a,
          co_window_paths_a, co_window_of_opportunity_c, co_window_corner_b,
          co_window_corner_cb, co_window_paths_e, co_window_4corner_b,
          minmay_gold_behind_fungi, nicolae_goblin_pals
D:6:      layout_basic, uniq_sigmund
D:7:      layout_basic, mainiacjoe_overflow_catwalk,
          minmay_temple_entry_gardened_gates, minivault_25,
          kennysheep_cross_room, water_maze_lemuel
D:8:      layout_loops_corners, yredelemnul_altar_generic,
          nicolae_ossuary_entry_false_entrances, uniq_erica
D:9:      layout_rooms, enter_bailey_4, nicolae_shop_sticking_my_neck_out
D:10:     layout_irregular_city, mainiacjoe_overflow_chevrons, minivault_28
D:11:     layout_cave_pods, minmay_lair_entry_grove, orc_0_dummy, sword_in_stone
Temple:   regret_index_temple_generic_petals
Abyss:2:  base:
D:10

Skill      XL: |  1  2  3  4  5  6  7  8  9 10 11 12 |
---------------+-------------------------------------+-----
Shields        | 3 4 5 6 7 9 10 | 10.1
Axes           | 2 |  2.7
Maces & Flails | 1 2 3 4 6 8 9 10 11 | 11.0
Armour         | 1 2 3 4 5 6 7 |  7.4
Fighting       | 3 4 5 6 |  6.5
Dodging        | 3 4 5 6 |  6.2
Evocations     | 1 2 |  2.0
Stealth        | 1 |  1.0
Throwing       | 1 |  1.2

Action                     |  1- 3 |  4- 6 |  7- 9 | 10-12 || total
---------------------------+-------+-------+-------+-------++-------
  Melee: War axe           |    69 |     1 |       |       ||    70
         Flail             |       |   186 |   334 |   534 ||  1054
  Throw: Javelin           |       |       |     7 |       ||     7
Ability: Whirlwind         |       |       |    13 |   111 ||   124
         Lunge             |       |       |     4 |    20 ||    24
  Evoke: Wand              |       |       |    15 |    11 ||    26
    Use: Scroll            |     7 |     3 |    12 |     2 ||    24
         Potion            |       |       |     2 |    12 ||    14
   Stab: Distracted        |       |       |       |     1 ||     1
         Sleeping          |       |       |       |     1 ||     1
 Armour: Pearl dragon scal |    40 |   149 |   347 |   306 ||   842
         Robe              |     5 |       |       |       ||     5
  Dodge: Dodged            |    14 |    74 |   190 |   205 ||   483
  Block: Kite shield       |    34 |    88 |   228 |       ||   350
         Tower shield      |       |       |     4 |   658 ||   662

Table legend: (Time is in decaauts)
 A = Elapsed time spent in this place.
 B = Non-inter-level travel time spent in this place.
 C = Inter-level travel time spent in this place.
 D = Time resting spent in this place.
 E = Time spent auto-exploring this place.
 F = Levels seen in this place.
 G = Mean time per level.
                   A        B        C        D        E       F      G
               +--------+--------+--------+--------+--------+-----+--------+
         Total |   9789 |   9333 |    456 |    100 |   5536 |  16 |  611.8 |
       Dungeon |   8499 |   8075 |    424 |      0 |   5328 |  11 |  772.6 |
        Temple |    207 |    175 |     32 |    100 |      0 |   1 |  207.0 |
         Abyss |    250 |    250 |      0 |      0 |     95 |   1 |  250.0 |
         Sewer |    127 |    127 |      0 |      0 |      0 |   1 |  127.0 |
       Ossuary |    209 |    209 |      0 |      0 |     18 |   1 |  209.0 |
        Bailey |    495 |    495 |      0 |      0 |     95 |   1 |  495.0 |
               +--------+--------+--------+--------+--------+-----+--------+

Top non-repeatable levels by time:
     D:8: 1092 daAuts
     D:5: 938 daAuts
     D:3: 928 daAuts
    D:11: 883 daAuts
     D:7: 864 daAuts
    D:10: 845 daAuts
     D:6: 671 daAuts
     D:9: 630 daAuts
     D:2: 628 daAuts
     D:4: 513 daAuts
     D:1: 501 daAuts
  Bailey: 495 daAuts
 Abyss:2: 250 daAuts
 Ossuary: 209 daAuts
  Temple: 207 daAuts
